 Dungeon Crawl Stone Soup version 0.31.0-11-ge490571c62 (webtiles) character file.

Game seed: 7973849913798246080

90 Zeia the Conjurer (level 4, -6/33 HPs)
             Began as a Demigod Conjurer on Feb 1, 2024.
             Killed by psychic fangs
             ... invoked by a brain worm
              (12 damage)
             ... in a sewer.
             The game lasted 00:04:44 (2545 turns).

Zeia the Conjurer (Demigod Conjurer)                Turns: 2545, Time: 00:04:44

Health: -6/33      AC:  4    Str:  8    XL:     4   Next: 11%
Magic:  0/10       EV: 12    Int: 24    God:
Gold:   87         SH:  0    Dex: 12    Spells: 6/8 levels left

rFire   . . .        e - +0 short sword
rCold   . . .        (no shield)
rNeg    . . .        a - +0 robe
rPois   .            (no helmet)
rElec   .            (no cloak)
rCorr   .            h - +1 pair of gloves
SInv    .            (no boots)
Will    .....        (no amulet)
Stlth   ++           (no ring)
HPRegen 0.25/turn    (no ring)
MPRegen 0.12/turn

%: no passive effects
@: very slightly contaminated
A: high MP 1, forlorn, divine attributes
a: no special abilities


You were in a sewer.
You visited 1 branch of the dungeon, and saw 3 of its levels.
You also visited: Sewer.

You collected 87 gold pieces.

Inventory:

Hand Weapons
 e - a +0 short sword (weapon)
Armour
 a - a +0 robe (worn)
 h - a +1 pair of gloves (worn)
Magical Staves
 g - a staff of alchemy
Potions
 b - 2 potions of magic
 f - 2 potions of curing
 i - a potion of experience {unknown}


   Skills:
 + Level 2.8 Dodging
 - Level 1.7 Stealth
 + Level 2.6 Spellcasting
 + Level 4.2 Conjurations


You had 6 spell levels left.
You knew the following spells:

 Your Spells              Type           Power      Damage    Failure   Level
a - Magic Dart            Conj           92%        1d7       1%          1
b - Foxfire               Conj/Fire      52%        2x1d6     4%          1

Your spell library contained the following spells:

 Spells                   Type           Power      Damage    Failure   Level
 Searing Ray              Conj           46%        2d6       3%          2
 Fulminant Prism          Conj/Alch      6%         3d7       43%         4
 Iskenderun's Mystic Bla  Conj/Tloc      13%        2d5       43%         4
 Plasma Beam              Fire/Air       1%         2x1d11    100%        6
 Starburst                Conj/Fire      6%         6d4       100%        6


Dungeon Overview and Level Annotations

Branches:
Dungeon (3/15)              Sewer (1/1)


Innate Abilities, Weirdness & Mutations

You have an increased reservoir of magic. (+10% MP)
You shall have no god before yourself.
Your divine heritage dramatically boosts your attributes as you level up.


Message History

Something gnaws on your mind!
You feel your power leaking away.
Casting: Foxfire (safe; 4% risk of failure)
Confirm with . or Enter, or press ? or * to list all spells.
You conjure some foxfire!
You are engulfed in a cloud of scalding steam.
The foxfire hits the brain worm.
The brain worm is moderately wounded.
The foxfire hits the brain worm.
The brain worm is heavily wounded.
The brain worm's bulging head throbs.
Something gnaws on your mind!
You feel your power leaking away.
Casting: Foxfire (safe; 4% risk of failure)
Confirm with . or Enter, or press ? or * to list all spells.
You miscast Foxfire.
You are very lightly contaminated with residual magic.
Nothing appears to happen.
Casting: Foxfire (safe; 4% risk of failure)
Confirm with . or Enter, or press ? or * to list all spells.
You conjure some foxfire!
The foxfire hits the brain worm.
The brain worm is heavily wounded.
The foxfire hits the brain worm.
The brain worm is heavily wounded.
The brain worm's bulging head throbs.
Something gnaws heavily on your mind!
* * * LOW HITPOINT WARNING * * *
You feel your power leaking away.
Press: ? - help, v - describe, . - travel
Here: a brain worm (heavily wounded)
The floor.
Casting: Foxfire (safe; 4% risk of failure)
Confirm with . or Enter, or press ? or * to list all spells.
You don't have enough magic to cast this spell.
Unknown command.
Unknown command.
The brain worm's throbbing head pulsates.
Something gnaws heavily on your mind!
You die...

### ##∩##
##.∩.##
##.....##
#..†≈.@.#
#..≈≈≈..#
#.≈≈≈≈≈.#
#..≈≈≈.w#
#...≈...#
##.....##
##...##
##.## #.#


You could see a brain worm.

Vanquished Creatures
  4 adders
  A ribbon worm (D:2)
  A dart slug (D:2)
  3 endoplasms
  3 giant cockroaches
  2 goblins
  4 hobgoblins
  3 quokkas
  6 ball pythons
  8 bats
  A frilled lizard (D:2)
  8 kobolds
  A rat (D:3)
45 creatures vanquished.

Vanquished Creatures (others)
  42 foxfires
42 creatures vanquished.

Grand Total: 87 creatures vanquished

Notes
Turn   | Place    | Note
-------+----------+-------------------------------------------
     0 | D:1      | Zeia the Demigod Conjurer began the quest for the Orb.
     0 | D:1      | Reached XP level 1. HP: 14/14 MP: 5/5
   425 | D:1      | Reached XP level 2. HP: 20/20 MP: 4/7
   427 | D:1      | Learned a level 1 spell: Foxfire
  1261 | D:2      | Reached skill level 4 in Conjurations
  1261 | D:2      | Reached XP level 3. HP: 26/26 MP: 2/9
  2319 | D:3      | Noticed a phantom
  2394 | D:3      | Reached XP level 4. HP: 21/33 MP: 1/10
  2404 | D:3      | Found a glowing drain.
  2427 | Sewer    | Entered a sewer
  2528 | Sewer    | Noticed a brain worm
  2545 | Sewer    | Killed from afar by a brain worm

Illustrated notes

Levels and vault maps discovered:
D:1:      ldierk_walled_garden_2, layout_basic,
          hellmonk_ecumenical_altar_zigzags
D:2:      layout_loops_corners
D:3:      layout_basic, mainiacjoe_sewer_entry_somewhere_in_here_1
Sewer:    sewer_big_baddie

Skill      XL: |  1  2 |
---------------+-------+-----
Dodging        | 2 |  2.8
Spellcasting   | 2 |  2.6
Conjurations   | 4 |  4.2
Stealth        | |  1.7

Action                     |  1- 3 |  4- 6 || total
---------------------------+-------+-------++-------
  Melee: Short sword       |    36 |     7 ||    43
   Cast: Magic Dart        |    47 |     1 ||    48
         Foxfire           |    19 |     9 ||    28
    Use: Scroll            |     4 |       ||     4
   Stab: Sleeping          |     1 |       ||     1
 Armour: Robe              |    41 |    16 ||    57
  Dodge: Dodged            |    33 |    20 ||    53
